 Dungeon Crawl Stone Soup version 0.31-a0-986-g5e6e4ef867 (webtiles) character file.

Game seed: 3744124430783127462

35 serber55 the Sneak (level 3, 0/21 HPs)
             Began as an Octopode Fire Elementalist on Nov 17, 2023.
             Slain by Sigmund
             ... wielding a +2 heavy scythe
              (18 damage)
             ... on level 2 of the Dungeon.
             The game lasted 00:04:22 (602 turns).

serber55 the Sneak (Octopode Fire Elementalist)      Turns: 602, Time: 00:04:23

Health: 0/21       AC:  1    Str:  6 (9)  XL:     3   Next: 33%
Magic:  1/6        EV: 13    Int: 14 (17) God:
Gold:   77         SH:  0    Dex: 11 (12) Spells: 5/6 levels left

rFire   . . .        f - +0 dagger
rCold   . . .        (no shield)
rNeg    . . .        (helmet restricted)
rPois   .            (no amulet)
rElec   .            (no ring)
rCorr   .            (no ring)
SInv    .            (no ring)
Will    .....        (no ring)
Stlth   +++          (no ring)
HPRegen 0.23/turn    (no ring)
MPRegen 0.10/turn    (no ring)
                     (no ring)

%: no passive effects
@: no status effects
A: almost no armour, amphibious, 8 rings, camouflage 1, gelatinous body 1,
(nimble swimmer 1), tentacles
a: no special abilities


You were on level 2 of the Dungeon.
You visited 1 branch of the dungeon, and saw 2 of its levels.

You collected 77 gold pieces.

Inventory:

Hand Weapons
 f - a +0 dagger (weapon)
Scrolls
 c - a scroll of blinking {unknown}
 d - a scroll of identify {unknown}
 e - a scroll of enchant weapon {unknown}
Potions
 a - a potion of magic


   Skills:
 + Level 2.3 Dodging
 + Level 3.3 Stealth
 + Level 2.3 Spellcasting
 + Level 1.6 Conjurations
 + Level 3.2 Fire Magic


You had 5 spell levels left.
You knew the following spells:

 Your Spells              Type           Power      Damage    Failure   Level
a - Foxfire               Conj/Fire      32%        2x1d5     9%          1

Your spell library contained the following spells:

 Spells                   Type           Power      Damage    Failure   Level
 Scorch                   Fire           20%        2d5       9%          2
 Inner Flame              Hex/Fire       6%         N/A       34%         3
 Volatile Blastmotes      Fire/Tloc      12%        2d11      34%         3
 Flame Wave               Conj/Fire      8%         2d5       63%         4


Dungeon Overview and Level Annotations

Branches:
Dungeon (1/15)

Altars:

Annotations:
D:2 Sigmund


Innate Abilities, Weirdness & Mutations

You cannot wear most types of armour.
You are amphibious.
You can wear up to eight rings at the same time.
Your skin changes colour to match your surroundings (Stealth+).
Your rubbery body absorbs attacks. (AC +1, EV +1)
((You are camouflaged when in or above water. (Stealth+)))
You have tentacles for arms and can constrict up to eight enemies at once.


Message History

Sigmund is severely wounded.
The foxfire hits Sigmund.
Sigmund resists.
Sigmund is severely wounded.
Casting: Foxfire (safe; 9% risk of failure)
Confirm with . or Enter, or press ? or * to list all spells.
You conjure some foxfire!
Your foxfire dissipates!
The foxfire hits Sigmund.
Sigmund completely resists.
Sigmund is severely wounded.
Casting: Foxfire (safe; 9% risk of failure)
Confirm with . or Enter, or press ? or * to list all spells.
You conjure some foxfire!
Your foxfire dissipates!
The foxfire hits Sigmund.
Sigmund completely resists.
Sigmund is severely wounded.
Casting: Foxfire (safe; 9% risk of failure)
Confirm with . or Enter, or press ? or * to list all spells.
You conjure some foxfire!
Your foxfire dissipates!
Sigmund is no longer moving slowly.
The foxfire hits Sigmund but does no damage.
Sigmund is severely wounded.
Okay, then.
Okay, then.
A goblin comes into view. It is wielding a +0 dagger.
Found 2 boomerangs.
Sigmund barely misses you.
You hit Sigmund. Your grab misses Sigmund. Your squeeze misses Sigmund.
Sigmund is severely wounded.
You closely miss Sigmund. Your grab misses Sigmund.
Sigmund is severely wounded.
Sigmund gestures at you while chanting. The puff of flame hits you.
You closely miss Sigmund. You grab Sigmund.
Sigmund is severely wounded.
You constrict Sigmund.
Sigmund hits you with a +2 heavy scythe!!
Ouch! That really hurt!
You die...
Sigmund begins carving another notch in his scythe.

#.....###......##.###.#
###.....#
#......##.###'#
#......[#
#......##......
#.#.....#
#......##......
#.#.....#
#......###..... #
#.....###......# #.....
.####.....######........
#........#.# .#######
########@#.# # #@#.# ###
#.#.#..... #.....#
###.### #.# #.# #.# #.#


You could see Sigmund.

Vanquished Creatures
  2 adders (D:2)
  An orc (D:2)
  An endoplasm (D:2)
  3 giant cockroaches
  A goblin (D:2)
  A hobgoblin (D:2)
  4 ball pythons
  3 bats
  A rat (D:2)
17 creatures vanquished.

Vanquished Creatures (others)
  24 foxfires (D:2)
24 creatures vanquished.

Grand Total: 41 creatures vanquished

Notes
Turn   | Place    | Note
-------+----------+-------------------------------------------
     0 | D:1      | serber55 the Octopode Fire Elementalist began the quest for
                  | the Orb.
     0 | D:1      | Reached XP level 1. HP: 11/11 MP: 3/3
   194 | D:1      | You fall into a shaft and drop 1 floor!
   269 | D:2      | Reached XP level 2. HP: 17/17 MP: 1/5
   341 | D:2      | Reached XP level 3. HP: 6/21 MP: 1/6
   559 | D:2      | Noticed Sigmund
   602 | D:2      | Slain by Sigmund

Illustrated notes

Levels and vault maps discovered:
D:1:      shiori_arrival_oz, layout_basic
D:2:      layout_basic, serial_shops, nicolae_shop_hallway_stairs, uniq_sigmund

Skill      XL: |  1  2 |
---------------+-------+-----
Stealth        | 3 |  3.3
Dodging        | |  2.3
Spellcasting   | |  2.3
Conjurations   | |  1.6
Fire Magic     | |  3.2

Action                     || total
---------------------------++-------
  Melee: Unarmed           ||    29
         Tentacles         ||     9
         Constrict         ||     9
         Dagger            ||    10
         Mace              ||     3
  Throw: Dart              ||     5
   Cast: Foxfire           ||    17
    Use: Potion            ||     1
   Stab: Sleeping          ||     5
 Armour: Skin              ||    19
  Dodge: Dodged            ||    40

Table legend: (Time is in decaauts)
 A = Elapsed time spent in this place.
 B = Non-inter-level travel time spent in this place.
 C = Inter-level travel time spent in this place.
 D = Time resting spent in this place.
 E = Time spent auto-exploring this place.
 F = Levels seen in this place.
 G = Mean time per level.
                   A        B        C        D        E       F      G
               +--------+--------+--------+--------+--------+-----+--------+
         Total |    602 |    602 |      0 |    108 |    289 |   2 |  301.0 |
       Dungeon |    602 |    602 |      0 |    108 |    289 |   2 |  301.0 |
               +--------+--------+--------+--------+--------+-----+--------+

Top non-repeatable levels by time:
     D:2: 408 daAuts
     D:1: 194 daAuts
